[Event "Titled Tuesday Blitz March 21 Early 2023"]
[White "Shukhman, Anna"]
[Black "Wahedi, Ahmad Siar"]
[WhiteFideId "54180058"]
[BlackFideId "4651260"]
[WhiteElo "2125"]
[BlackElo "2453"]
[Result "0-1"]
[Round "03"]
[TimeControl "180+2"]
[Date "2023.03.21"]
[WhiteClock "0:00:11"]
[BlackClock "0:00:46"]

1. e4 c5 2. Nf3 Nc6 3. Bb5 Nd4 4. Nxd4 cxd4 5. O-O e6 6. d3 g6 7. f4 Bg7 8. f5 a6 9. Ba4 b5 10. Bb3 Bb7 11. Nd2 Qe7 12. Nf3 h6 13. a4 gxf5 14. exf5 e5 15. Re1 Qd6 16. Bf4 f6 17. axb5 axb5 18. Rxa8+ Bxa8 19. Qa1 Bc6 20. Bxg8 Rxg8 21. Nd2 Kf7 22. Bg3 Ra8 23. Qd1 Qc5 24. Qh5+ Kf8 25. Bxe5 fxe5 26. f6 Bxf6 27. Rf1 Ke7 28. Qxh6 Rf8 29. Nf3 Bxf3 30. Rxf3 Qxc2 31. Qh7+ Rf7 32. Qe4 Qd1+ 33. Rf1 Qd2 34. Qd5 Rf8 35. Qc5+ d6 36. Qc7+ Ke6 37. Qa7 Qe3+ 38. Kh1 Be7 39. Qa2+ d5 40. Qa6+ Bd6 41. Rg1 Qxd3 42. Qc6 e4 43. Qc1 e3 44. Qe1 Qh7 45. h3 Qe4 46. Qe2 d3 47. Qh5 d2 48. Qh6+ Kd7 49. Qg7+ Kc6 50. Ra1 d1=Q+ 51. Rxd1 e2 52. Rc1+ Kb6 53. Qc3 Rf1+ 0-1


[Site "https://www.chess.com"]

[Event "Titled Tuesday Blitz March 21 Early 2023"]
[White "Girsh, Daniel"]
[Black "Levitan, Caleb Levi"]
[WhiteFideId "30949190"]
[BlackFideId "14332620"]
[WhiteElo "2075"]
[BlackElo "1963"]
[Result "1-0"]
[Round "03"]
[TimeControl "180+2"]
[Date "2023.03.21"]
[WhiteClock "0:00:06"]
[BlackClock "0:00:14"]

1. b3 d5 2. Bb2 Bf5 3. d3 e6 4. Nd2 Nf6 5. g3 Be7 6. Bg2 h6 7. e4 Bh7 8. Ne2 O-O 9. O-O a5 10. a4 Na6 11. e5 Nd7 12. f4 c5 13. Nf3 Rc8 14. Kh1 Nb4 15. Qd2 c4 16. dxc4 Nxc2 17. Rac1 Nb4 18. cxd5 Rxc1 19. Rxc1 Nxd5 20. Nfd4 Nc5 21. Nc3 Nxc3 22. Bxc3 Ne4 23. Qe3 Ba3 24. Rd1 Nxc3 25. Qxc3 Qb6 26. Nb5 Bb4 27. Qd4 Bc5 28. Qd7 Bc2 29. Rc1 Bxb3 30. Qxb7 Qxb7 31. Bxb7 Bb4 32. Nd6 Bxa4 33. Kg2 Rd8 34. Ne4 Rd4 35. Kf3 Rd3+ 36. Ke2 Bb5 37. Kf2 Kh7 38. Rc7 Kg6 39. Nd6 Rd2+ 40. Ke3 Re2+ 41. Kf3 Bxd6 42. exd6 Rd2 43. Be4+ f5 44. Bc6 Rxd6 45. Bxb5 Rb6 46. Bd3 Kf6 47. Ke3 Rb3 48. Ra7 Ra3 49. Kd4 Ra2 50. Ra6 g5 51. Rxe6+ Kg7 52. Re7+ Kg6 53. Re6+ Kg7 54. Bxf5 Rd2+ 55. Ke3 Rxh2 56. fxg5 hxg5 57. Rg6+ Kf7 58. g4 a4 59. Ra6 a3 60. Ke4 Re2+ 61. Kf3 Rh2 62. Rxa3 Rb2 63. Ra7+ Kf6 64. Ra6+ Ke5 65. Re6+ Kd4 66. Re4+ Kd5 67. Re3 Kd4 68. Re8 Rb3+ 69. Ke2 Rb2+ 70. Kd1 Kc3 71. Rg8 Rd2+ 72. Ke1 Rh2 73. Rxg5 Kd4 74. Rg8 Ke3 75. Re8+ Kf3 76. Kd1 Rh1+ 77. Re1 Rg1 78. Rxg1 Kf2 79. g5 Kf3 80. g6 Kf2 81. g7 Kxg1 82. g8=Q+ Kh1 83. Ke2 Kh2 84. Kf2 1-0


[Site "https://www.chess.com"]

[Event "Titled Tuesday Blitz March 21 Early 2023"]
[White "Sarkar, Justin"]
[Black "Tymrakiewicz, Rafal"]
[WhiteFideId "2010011"]
[BlackFideId "1108832"]
[WhiteElo "2189"]
[BlackElo "2151"]
[Result "0-1"]
[Round "03"]
[TimeControl "180+2"]
[Date "2023.03.21"]
[WhiteClock "0:00:01"]
[BlackClock "0:00:11"]

1. d4 Nf6 2. c4 d6 3. Nc3 e5 4. dxe5 dxe5 5. Qxd8+ Kxd8 6. Bg5 c6 7. O-O-O+ Kc7 8. Bxf6 gxf6 9. e3 Be6 10. Bd3 f5 11. f3 Na6 12. a3 Nc5 13. Bf1 a5 14. Nh3 Bh6 15. f4 f6 16. Be2 a4 17. g3 Rab8 18. Nf2 Rhe8 19. Kb1 Bf7 20. Rhe1 e4 21. Rd2 Nb3 22. Rc2 Nc5 23. Rd2 Re7 24. Red1 Be8 25. Rc2 Bf8 26. Rcd2 Rd7 27. Rxd7+ Bxd7 28. Rd2 Re8 29. Rc2 Be6 30. Rd2 Kb6 31. Rd1 Ka5 32. Rd2 Rb8 33. Rd1 Be7 34. Rd2 b5 35. cxb5 cxb5 36. Rd1 b4 37. axb4+ Rxb4 38. Nd5 Rb7 39. Nxe7 Rxe7 40. Rd6 a3 41. bxa3 Rb7+ 42. Kc2 Ba2 43. Rc6 Bb1+ 44. Kc3 Na4+ 45. Kd2 Rb2+ 46. Ke1 Nb6 47. Nd1 Rc2 0-1


[Site "https://www.chess.com"]

[Event "Titled Tuesday Blitz March 21 Early 2023"]
[White "Biriukov, Ilja"]
[Black "Shvedova, Alexandra"]
[WhiteFideId "4113373"]
[BlackFideId "54154782"]
[WhiteElo "2426"]
[BlackElo "2057"]
[Result "0-1"]
[Round "03"]
[TimeControl "180+2"]
[Date "2023.03.21"]
[WhiteClock "0:00:16"]
[BlackClock "0:00:25"]

1. c4 e6 2. Nc3 d5 3. cxd5 exd5 4. d4 c6 5. Nf3 Be7 6. Bf4 Nf6 7. e3 Bf5 8. h3 h6 9. Bd3 Bxd3 10. Qxd3 Nbd7 11. O-O O-O 12. Rab1 Re8 13. b4 a6 14. a4 Nb6 15. Ne5 Bd6 16. a5 Nc8 17. Na4 Qc7 18. Qc2 Ne7 19. Rfc1 Nh5 20. Bh2 Ng6 21. Nf3 Nf6 22. Nc5 Re7 23. Bxd6 Qxd6 24. Nd3 Ne4 25. Nfe5 Nh4 26. Nc5 f6 27. Nxe4 dxe4 28. Nc4 Qd5 29. Nb6 Qg5 30. g3 Rd8 31. Qe2 Nf5 32. Rc5 Qg6 33. Qg4 Qxg4 34. hxg4 Nd6 35. Rbc1 Nb5 36. Kg2 Nc7 37. Rd1 Nd5 38. Nxd5 Rxd5 39. Rxd5 cxd5 40. Rc1 Kf7 41. Rc5 Rd7 42. Kh3 Ke6 43. Kh4 Kf7 44. Kh5 Ke6 45. Kg6 Kd6 46. Kf5 Ke7 47. Kf4 Kf7 48. g5 hxg5+ 49. Kg4 Kg6 50. Rc8 f5+ 51. Kh3 Kf6 52. Rc5 Ke6 53. Kg2 Kd6 54. Kf1 Rc7 55. Rxc7 Kxc7 56. Ke2 Kc6 57. Kd2 Kb5 58. Kc3 Ka4 0-1


[Site "https://www.chess.com"]

[Event "Titled Tuesday Blitz March 21 Early 2023"]
[White "Tsotsonava, Elene"]
[Black "Tomaszewski, Kacper"]
[WhiteFideId "13615939"]
[BlackFideId "1127373"]
[WhiteElo "1829"]
[BlackElo "2211"]
[Result "1-0"]
[Round "03"]
[TimeControl "180+2"]
[Date "2023.03.21"]
[WhiteClock "0:00:11"]
[BlackClock "0:00:06"]

1. Nf3 d5 2. c4 c6 3. b3 Bf5 4. e3 h6 5. Bb2 e6 6. Be2 Nf6 7. O-O Nbd7 8. d3 Be7 9. Nbd2 O-O 10. a3 Bh7 11. b4 dxc4 12. Nxc4 Qc7 13. Qb3 a6 14. Rac1 Rac8 15. Rfd1 Rfd8 16. Nfe5 Qb8 17. Nxd7 Nxd7 18. Bf3 Bf6 19. Bxf6 Nxf6 20. d4 Be4 21. Bxe4 Nxe4 22. f3 Nd6 23. Ne5 Ne8 24. Rc4 Nf6 25. Rdc1 Nd7 26. Nd3 Qd6 27. a4 Ra8 28. R4c2 Kf8 29. Nc5 Nxc5 30. bxc5 Qc7 31. Rb1 Rd7 32. Rcb2 Ra7 33. Qc3 Re7 34. f4 Qd8 35. Rb6 Kg8 36. R1b3 Kh7 37. Qc2+ g6 38. h3 h5 39. Rb1 Qd5 40. Kf2 Qf5 41. Qc3 h4 42. Kg1 Qe4 43. Qe1 Kg7 44. R1b3 g5 45. fxg5 Kg6 46. R6b4 a5 47. Rb6 Kxg5 48. Qf2 Qf5 49. Qd2 Kg6 50. Rb1 e5 51. Rf1 Qg5 52. d5 Rd7 53. d6 Kg7 54. Qc3 Ra8 55. Rb2 Rg8 56. e4 Kf8 57. Rf5 Qg3 58. Rc2 Qxc3 59. Rxc3 Rh8 60. Kf2 Rh6 61. Rb3 Re6 62. Kf3 Kg7 63. Rg5+ Rg6 64. Rxe5 f6 65. Rf5 Kf7 66. e5 Ke6 67. Rxf6+ Rxf6+ 68. exf6 Kxf6 69. Kg4 Ke5 70. Kxh4 Kd5 71. Rc3 Kd4 72. Rc1 Rh7+ 73. Kg3 Rg7+ 74. Kh2 b5 75. axb5 cxb5 76. c6 b4 77. c7 1-0


[Site "https://www.chess.com"]

[Event "Titled Tuesday Blitz March 21 Early 2023"]
[White "Dudzinski, Pawel"]
[Black "Lakshmi C"]
[WhiteFideId "1117890"]
[BlackFideId "25035347"]
[WhiteElo "2099"]
[BlackElo "1942"]
[Result "1-0"]
[Round "03"]
[TimeControl "180+2"]
[Date "2023.03.21"]
[WhiteClock "0:00:20"]
[BlackClock "0:00:08"]

1. e4 c5 2. Nc3 Nc6 3. g3 g6 4. d3 Bg7 5. Be3 d6 6. Qd2 Nf6 7. h3 h5 8. Bg2 Nd4 9. Nd1 e5 10. c3 Ne6 11. Ne2 d5 12. O-O d4 13. cxd4 cxd4 14. Bg5 Nxg5 15. Qxg5 Bh6 16. Qxe5+ Kf8 17. Qxd4 Qe7 18. Nf4 Bg7 19. Rc1 g5 20. Ne2 Kg8 21. Ne3 Nd7 22. Qxg7+ Kxg7 23. Nf5+ Kf8 24. Nxe7 Kxe7 25. f4 f6 26. d4 Nb6 27. Kh2 Bd7 28. d5 Rac8 29. e5 Bb5 30. d6+ Kf7 31. Bxb7 Rxc1 32. Rxc1 Bxe2 33. Rc7+ Ke6 34. Re7+ Kf5 35. e6 gxf4 36. gxf4 Rg8 37. d7 1-0


[Site "https://www.chess.com"]

[Event "Titled Tuesday Blitz March 21 Early 2023"]
[White "Vivas Zamora, Fabian Ernesto"]
[Black "Rodriguez Santiago, Jaime"]
[WhiteFideId "3902480"]
[BlackFideId "3100898"]
[WhiteElo "2262"]
[BlackElo "2025"]
[Result "0-1"]
[Round "03"]
[TimeControl "180+2"]
[Date "2023.03.21"]
[WhiteClock "0:00:03"]
[BlackClock "0:01:22"]

1. e4 c6 2. Nf3 d5 3. Nc3 dxe4 4. Nxe4 Nf6 5. Qe2 Nxe4 6. Qxe4 Qa5 7. b4 Qf5 8. Bd3 Qxe4+ 9. Bxe4 Nd7 10. d4 Nf6 11. Bd3 g6 12. a4 Bg7 13. b5 Bd7 14. Ne5 cxb5 15. axb5 Be6 16. Ba3 Nd5 17. Be4 Rc8 18. c4 Bxe5 19. cxd5 Bxd4 20. dxe6 Bxa1 21. Bxb7 Rc3 22. Bc6+ Kf8 23. Ke2 Rxa3 24. Rd1 fxe6 25. Rd7 0-1


[Site "https://www.chess.com"]

[Event "Titled Tuesday Blitz March 21 Early 2023"]
[White "Bas Mas, Jose Joaquin"]
[Black "Barria Santos, Jose Guilherme"]
[WhiteFideId "22219064"]
[BlackFideId "1939300"]
[WhiteElo "2233"]
[BlackElo "2301"]
[Result "1-0"]
[Round "03"]
[TimeControl "180+2"]
[Date "2023.03.21"]
[WhiteClock "0:01:59"]
[BlackClock "0:02:13"]

1. e4 c5 2. Nc3 d6 3. f4 g6 4. Nf3 Bg7 5. Bb5+ Bd7 6. Bc4 a6 7. O-O e6 8. d3 Ne7 9. f5 exf5 10. Qe1 O-O 11. Qh4 b5 12. Ng5 h6 13. Nxf7 Rxf7 14. Bxf7+ Kxf7 15. exf5 Nxf5 16. Qxd8 1-0


[Site "https://www.chess.com"]

[Event "Titled Tuesday Blitz March 21 Early 2023"]
[White "Kubatko, Ivan"]
[Black "Fajdetic, Hrvoje"]
[WhiteFideId "24111473"]
[BlackFideId "14501945"]
[WhiteElo "2285"]
[BlackElo "2185"]
[Result "1-0"]
[Round "03"]
[TimeControl "180+2"]
[Date "2023.03.21"]
[WhiteClock "0:00:03"]
[BlackClock "0:00:11"]

1. e4 c5 2. c3 d5 3. exd5 Qxd5 4. d4 Nf6 5. Nf3 Bg4 6. Be2 e6 7. h3 Bh5 8. Na3 cxd4 9. Nb5 Qd8 10. Qxd4 Nc6 11. Qa4 Bc5 12. Nbd4 O-O 13. Nxc6 bxc6 14. Qxc6 Rc8 15. Qa4 Bxf3 16. Bxf3 Qd3 17. Qd1 Qxd1+ 18. Kxd1 Bxf2 19. Ke2 Bb6 20. Rd1 Rfd8 21. Be3 h6 22. Bxb6 axb6 23. Rxd8+ Rxd8 24. Rd1 Rb8 25. a4 Kf8 26. b4 Ke7 27. a5 bxa5 28. bxa5 Rb5 29. a6 Ra5 30. Bb7 Nd5 31. Rc1 Nc7 32. Rd1 Nxa6 33. Bc6 Nc5 34. Ke3 Ra6 35. Bb5 Rb6 36. c4 f5 37. Ra1 Kf6 38. Ra7 g5 39. Kd4 Ne4 40. Ra6 Rxa6 41. Bxa6 Ke7 42. Ke5 Nc5 43. Bb5 Nd7+ 44. Bxd7 Kxd7 45. c5 f4 46. c6+ Kxc6 47. Kxe6 Kc5 48. Kf5 Kd4 49. Kg6 Ke3 50. Kxh6 Kf2 51. Kxg5 Kg3 52. h4 Kxg2 53. Kxf4 1-0


[Site "https://www.chess.com"]

[Event "Titled Tuesday Blitz March 21 Early 2023"]
[White "Thiel, Thomas"]
[Black "Devaev, Alexander"]
[WhiteFideId "4615964"]
[BlackFideId "4169395"]
[WhiteElo "2247"]
[BlackElo "2225"]
[Result "0-1"]
[Round "03"]
[TimeControl "180+2"]
[Date "2023.03.21"]
[WhiteClock "0:00:11"]
[BlackClock "0:00:21"]

1. e4 c6 2. d4 d5 3. exd5 cxd5 4. c4 Nf6 5. Nc3 e6 6. Nf3 Bb4 7. cxd5 Nxd5 8. Qc2 Nc6 9. a3 Be7 10. Bd3 h6 11. O-O O-O 12. Rd1 Nxc3 13. bxc3 b6 14. Be4 Bb7 15. Ne5 Rc8 16. Bb2 Qc7 17. Nxc6 Bxc6 18. Rac1 Bxe4 19. Qxe4 Qc4 20. Re1 Rfd8 21. Qb7 Rc7 22. Qf3 Rd5 23. h3 Bg5 24. Rcd1 Bf6 25. Re4 Qb3 26. Qe2 Be7 27. Rd3 Qc4 28. Rg4 Rg5 29. Rxg5 Bxg5 30. Kf1 Be7 31. Rg3 Qd5 32. Bc1 Kf8 33. Qd3 Qc4 34. Qxc4 Rxc4 35. Ke2 b5 36. Kd3 Ra4 37. Re3 Bxa3 38. Bxa3+ Rxa3 39. Ke2 a6 40. g4 Ke7 41. h4 Kd6 42. h5 a5 43. Kf3 f6 44. Ke4 b4 45. cxb4 Rxe3+ 46. fxe3 axb4 47. Kd3 e5 48. e4 exd4 49. Kxd4 b3 0-1


[Site "https://www.chess.com"]

[Event "Titled Tuesday Blitz March 21 Early 2023"]
[White "Dinu, Dumitru-Daniel"]
[Black "Clawitter, Craig"]
[WhiteFideId "1208403"]
[BlackFideId "2023105"]
[WhiteElo "2240"]
[BlackElo "2242"]
[Result "1-0"]
[Round "03"]
[TimeControl "180+2"]
[Date "2023.03.21"]
[WhiteClock "0:00:04"]
[BlackClock "0:00:05"]

1. e4 e6 2. d4 d5 3. exd5 exd5 4. Nf3 Bd6 5. c4 Nf6 6. Nc3 O-O 7. Be2 dxc4 8. O-O Nc6 9. Bxc4 Bg4 10. Be3 Bh5 11. a3 Ng4 12. Qd2 Nxe3 13. fxe3 Qe7 14. Rae1 Rad8 15. Ba2 Bg6 16. Kh1 Qd7 17. Qf2 Rfe8 18. Ng5 Re7 19. Nd5 Ree8 20. Nf4 Bxf4 21. Qxf4 Re7 22. h3 h6 23. Nf3 Be4 24. Bxf7+ Rxf7 25. Qxe4 Re8 26. Qd3 Ref8 27. d5 Qd6 28. e4 Ne5 29. Nxe5 Qxe5 30. Rxf7 Rxf7 31. Qe3 Qxb2 32. e5 Qf2 33. e6 1-0


[Site "https://www.chess.com"]

[Event "Titled Tuesday Blitz March 21 Early 2023"]
[White "Chernov, Mikhail"]
[Black "victormago"]
[WhiteFideId "24143170"]
[WhiteElo "2113"]
[BlackElo "2226"]
[Result "0-1"]
[Round "03"]
[TimeControl "180+2"]
[Date "2023.03.21"]
[WhiteClock "0:00:51"]
[BlackClock "0:00:46"]

1. d4 Nf6 2. Nc3 d5 3. Bf4 c6 4. e3 Bf5 5. Nf3 h6 6. Ne5 Nbd7 7. g4 Bh7 8. h4 Nxe5 9. dxe5 Ne4 10. e6 fxe6 11. Nxe4 Bxe4 12. f3 Bh7 13. Bd3 Bxd3 14. Qxd3 Qa5+ 15. b4 Qxb4+ 16. c3 Qb2 17. Qg6+ Kd7 18. O-O Qxc3 19. Rab1 b6 20. Rbc1 Qf6 21. Qc2 Rc8 22. Qa4 a5 23. Rfd1 g5 24. Bh2 Qxf3 25. Qd4 Bg7 26. Qxg7 Qxg4+ 27. Kh1 Qf3+ 28. Kg1 Rhg8 0-1


[Site "https://www.chess.com"]

[Event "Titled Tuesday Blitz March 21 Early 2023"]
[White "Blokhin, Sofia"]
[Black "cryptoguru02"]
[WhiteFideId "4508190"]
[WhiteElo "1994"]
[BlackElo "2430"]
[Result "0-1"]
[Round "03"]
[TimeControl "180+2"]
[Date "2023.03.21"]
[WhiteClock "0:01:33"]
[BlackClock "0:00:48"]

1. d4 g6 2. e4 Bg7 3. Nc3 d6 4. f3 c6 5. Be3 b5 6. Qd2 Nd7 7. O-O-O Qa5 8. Kb1 Nb6 9. a3 Nc4 10. Bxc4 bxc4 11. g4 Rb8 12. Ka1 Nf6 13. h4 h5 14. g5 Nd7 15. Nge2 Nb6 16. Nc1 Na4 17. Nxa4 Qxa4 18. Na2 O-O 19. f4 Bg4 20. Rb1 Rb7 21. Rhf1 Rfb8 22. f5 d5 23. f6 Bf8 24. e5 e6 25. Qc3 a5 26. Nc1 Bb4 0-1


[Site "https://www.chess.com"]

[Event "Titled Tuesday Blitz March 21 Early 2023"]
[White "babbilator"]
[Black "Gatterer, Florian"]
[BlackFideId "811688"]
[WhiteElo "2220"]
[BlackElo "2221"]
[Result "1/2-1/2"]
[Round "03"]
[TimeControl "180+2"]
[Date "2023.03.21"]
[WhiteClock "0:02:06"]
[BlackClock "0:02:49"]

1. e4 c5 2. Nc3 e6 3. Nf3 Nc6 4. d4 cxd4 5. Nxd4 Nf6 6. Ndb5 Bc5 7. Bf4 O-O 8. Bc7 Qe7 9. Bd6 Bxd6 10. Qxd6 Qd8 11. Qc7 Qe7 12. Qd6 Qd8 13. Qc7 Qe7 14. Qd6 1/2-1/2


[Site "https://www.chess.com"]

[Event "Titled Tuesday Blitz March 21 Early 2023"]
[White "Mazurkiewicz, Michal"]
[Black "ritanovikova"]
[WhiteFideId "1124943"]
[WhiteElo "2054"]
[BlackElo "2213"]
[Result "1-0"]
[Round "03"]
[TimeControl "180+2"]
[Date "2023.03.21"]
[WhiteClock "0:01:50"]
[BlackClock "0:02:00"]

1. e4 d5 2. exd5 Qxd5 3. d3 e5 4. Nc3 Qd8 5. g3 Nf6 6. Nf3 Nc6 7. Bg2 Bg4 8. h3 Bh5 9. O-O Bd6 10. Re1 O-O 11. g4 Bg6 12. Bd2 Qd7 13. Nh4 Rab8 14. Nxg6 hxg6 15. Ne4 Nxe4 16. Bxe4 f5 17. gxf5 gxf5 18. Bd5+ Rf7 19. c3 g6 20. Qf3 Kg7 21. Bxf7 Qxf7 22. b4 a6 23. a4 Nd8 24. Qe3 f4 25. Qf3 Ne6 26. Qg4 Rh8 27. d4 Rh4 28. Qxh4 1-0


[Site "https://www.chess.com"]

[Event "Titled Tuesday Blitz March 21 Early 2023"]
[White "Ciuffoletti, Paolo"]
[Black "Ratsma, Midas"]
[WhiteFideId "807630"]
[BlackFideId "1032283"]
[WhiteElo "2143"]
[BlackElo "2172"]
[Result "0-1"]
[Round "03"]
[TimeControl "180+2"]
[Date "2023.03.21"]
[WhiteClock "0:00:05"]
[BlackClock "0:01:40"]

1. e4 e5 2. Nf3 Nc6 3. Bc4 Nf6 4. d4 exd4 5. Ng5 d5 6. exd5 Qe7+ 7. Kf1 Ne5 8. Qxd4 h6 9. Ne4 Nxc4 10. Nxf6+ Qxf6 11. Qxc4 Bd6 12. Nc3 O-O 13. Ne4 Qg6 14. Nxd6 cxd6 15. f3 Bf5 16. Kf2 Rac8 17. Qd4 Rxc2+ 18. Bd2 Rfc8 19. Rhd1 R8c4 20. Qe3 Rxb2 21. Rac1 Rh4 22. Kg1 Qh5 23. Qc3 Rxa2 24. h3 Bxh3 0-1


[Site "https://www.chess.com"]

[Event "Titled Tuesday Blitz March 21 Early 2023"]
[White "Federzoni, Enzo"]
[Black "Sabar, Ethmane Daouda"]
[WhiteFideId "2173301"]
[BlackFideId "19600097"]
[WhiteElo "2039"]
[BlackElo "1950"]
[Result "1-0"]
[Round "03"]
[TimeControl "180+2"]
[Date "2023.03.21"]
[WhiteClock "0:01:54"]
[BlackClock "0:01:43"]

1. e4 c5 2. Nf3 Nc6 3. c3 Nf6 4. e5 Nd5 5. d4 cxd4 6. cxd4 d6 7. Bc4 Nb6 8. Bb5 Bd7 9. exd6 e6 10. O-O Bxd6 11. Re1 O-O 12. Nc3 a6 13. Bd3 g6 14. Bh6 Re8 15. Ne4 Be7 16. Nc5 Bc8 17. Qb3 Na5 18. Qc3 Bf6 19. Qxa5 1-0


[Site "https://www.chess.com"]

[Event "Titled Tuesday Blitz March 21 Early 2023"]
[White "Kuchava, Ana"]
[Black "Kovalevsky, Stanislav"]
[WhiteFideId "13605348"]
[BlackFideId "13508598"]
[WhiteElo "2001"]
[BlackElo "2174"]
[Result "0-1"]
[Round "03"]
[TimeControl "180+2"]
[Date "2023.03.21"]
[WhiteClock "0:00:25"]
[BlackClock "0:00:19"]

1. d4 d5 2. Nf3 Nf6 3. c4 c6 4. Qb3 a6 5. Bf4 dxc4 6. Qxc4 b5 7. Qc2 Bb7 8. e3 e6 9. Bd3 Nbd7 10. O-O c5 11. Ne5 cxd4 12. exd4 Nd5 13. Bg3 Nb4 14. Qb3 Nxe5 15. Bxe5 Bd6 16. Be2 Bxe5 17. dxe5 Qd5 18. Qxd5 Bxd5 19. Nc3 O-O-O 20. Rac1 Kb7 21. Nxd5 Nxd5 22. Bf3 Kb6 23. Rfd1 Rd7 24. Bxd5 Rxd5 25. Rd4 Rxd4 0-1


[Site "https://www.chess.com"]

[Event "Titled Tuesday Blitz March 21 Early 2023"]
[White "Jimenez Jimenez, Leandro"]
[Black "Kiseleva, Arina"]
[WhiteFideId "6415253"]
[BlackFideId "4164989"]
[WhiteElo "2263"]
[BlackElo "1756"]
[Result "1-0"]
[Round "03"]
[TimeControl "180+2"]
[Date "2023.03.21"]
[WhiteClock "0:00:16"]
[BlackClock "0:00:25"]

1. d4 Nf6 2. c4 e6 3. Nf3 Bb4+ 4. Bd2 Bxd2+ 5. Qxd2 d5 6. Nc3 O-O 7. e3 Qe7 8. Bd3 Rd8 9. Qc2 dxc4 10. Bxc4 c5 11. O-O cxd4 12. Nxd4 a6 13. Be2 e5 14. Nf5 Qe6 15. e4 Nxe4 16. Nxg7 Kxg7 17. Nxe4 Qg6 18. Qc7 Nc6 19. Ng3 Nd4 20. Qxd8 Nxe2+ 21. Kh1 Nxg3+ 22. fxg3 b5 23. Rac1 Bb7 24. Qe7 Qe4 25. Rxf7+ Kh8 26. Qf6+ 1-0


[Site "https://www.chess.com"]

[Event "Titled Tuesday Blitz March 21 Early 2023"]
[White "Sanchez, Robert"]
[Black "Begunov, Konstantin"]
[WhiteFideId "2034360"]
[BlackFideId "4118510"]
[WhiteElo "2182"]
[BlackElo "2079"]
[Result "0-1"]
[Round "03"]
[TimeControl "180+2"]
[Date "2023.03.21"]
[WhiteClock "0:02:02"]
[BlackClock "0:02:03"]

1. e4 c5 2. Nf3 d6 3. d4 cxd4 4. Nxd4 Nf6 5. Nc3 a6 6. Be3 Ng4 7. Bc1 Nc6 8. Be2 Qb6 9. Bxg4 Qxd4 10. Qe2 Bxg4 11. Qxg4 Ne5 12. Qe2 Rc8 13. O-O e6 14. Be3 Qc4 15. Qd1 Qc6 16. f4 Nc4 17. Bc1 Nxb2 18. Bxb2 Qb6+ 19. Kh1 Qxb2 0-1


[Site "https://www.chess.com"]

[Event "Titled Tuesday Blitz March 21 Early 2023"]
[White "Hernandez Bonilla, Amelia"]
[Black "rikchessmx"]
[WhiteFideId "3900193"]
[WhiteElo "2182"]
[BlackElo "2413"]
[Result "1-0"]
[Round "03"]
[TimeControl "180+2"]
[Date "2023.03.21"]
[WhiteClock "0:02:08"]
[BlackClock "0:02:08"]

1. d4 Nf6 2. Bf4 h5 3. Nf3 Nd5 4. Bc1 b5 5. e4 Nf6 6. Bd3 a6 7. Nbd2 Bb7 8. O-O d6 9. Qe2 Nbd7 10. e5 Nd5 11. Ne4 Nb4 12. e6 Nf6 13. exf7+ Kxf7 14. Neg5+ Kg8 15. Bg6 Rh6 16. Qe6+ Kh8 17. Nf7+ Kg8 18. Nxd8+ Kh8 19. Nf7+ Kg8 20. Nxh6+ Kh8 21. Qg8+ Nxg8 22. Nf7# 1-0


[Site "https://www.chess.com"]

[Event "Titled Tuesday Blitz March 21 Early 2023"]
[White "Hoffmann, Asa"]
[Black "salgadoLO"]
[WhiteFideId "2001470"]
[WhiteElo "2117"]
[BlackElo "2176"]
[Result "1-0"]
[Round "03"]
[TimeControl "180+2"]
[Date "2023.03.21"]
[WhiteClock "0:00:42"]
[BlackClock "0:00:36"]

1. d4 d5 2. Bg5 h6 3. Bh4 c6 4. e3 Bf5 5. Bd3 Bxd3 6. Qxd3 Nd7 7. Nd2 Ngf6 8. f4 e6 9. Ngf3 Be7 10. O-O O-O 11. Ne5 Nxe5 12. fxe5 Nd7 13. Bg3 c5 14. c3 Rc8 15. Nf3 c4 16. Qe2 b5 17. e4 Nb6 18. a3 a5 19. Rf2 Rb8 20. Raf1 b4 21. axb4 axb4 22. h3 bxc3 23. bxc3 Na4 24. Rc1 Rb2 25. Qe1 Rxf2 26. Bxf2 Nb6 27. Rb1 dxe4 28. Qxe4 Nd5 29. Rc1 Qa5 30. Be1 Qa2 31. Qb1 Ra8 32. Qxa2 Rxa2 33. Bd2 Ra3 34. Kf1 Rb3 35. Ke1 Ba3 36. Rc2 Bb2 37. Kd1 Nxc3+ 38. Bxc3 Bxc3 39. Kc1 Ra3 40. Kd1 Bxd4 41. Nxd4 Rd3+ 42. Rd2 Rxd4 43. Rxd4 1-0


[Site "https://www.chess.com"]

[Event "Titled Tuesday Blitz March 21 Early 2023"]
[White "Fernandez Hernandez, Arturo A."]
[Black "Kornyukov, Alexey"]
[WhiteFideId "3509230"]
[BlackFideId "4150457"]
[WhiteElo "2393"]
[BlackElo "2352"]
[Result "1-0"]
[Round "03"]
[TimeControl "180+2"]
[Date "2023.03.21"]
[WhiteClock "0:00:22"]
[BlackClock "0:00:05"]

1. e4 c5 2. Nc3 Nc6 3. Bb5 e6 4. Bxc6 bxc6 5. d3 d5 6. Qe2 Be7 7. f4 Nf6 8. Nf3 O-O 9. O-O d4 10. Nb1 Ba6 11. Nbd2 Ng4 12. Re1 Ne3 13. Nf1 Nxf1 14. Rxf1 f5 15. exf5 exf5 16. Qe6+ Kh8 17. Qxc6 Qb6 18. Qxb6 axb6 19. Re1 Bf6 20. Re6 Rab8 21. a4 c4 22. dxc4 Bxc4 23. Rd6 Rfd8 24. Rxd8+ Rxd8 25. Bd2 d3 26. c3 Re8 27. Re1 Re2 28. Rxe2 dxe2 29. b4 Kg8 30. Kf2 Kf7 31. Ng1 Bd8 32. Nxe2 Bb3 33. Nd4 Bxa4 34. Nxf5 g6 35. Nd4 Bf6 36. Nf3 Bc2 37. g4 Be4 38. Ke3 Bxf3 39. Kxf3 Ke6 40. Ke4 b5 41. Kd3 Kd5 42. Be3 Be7 43. h3 Bd6 44. h4 Be7 45. h5 Bd6 46. h6 Be7 47. Bd4 Bd6 48. f5 gxf5 49. gxf5 Bf8 50. Bg7 Bd6 51. f6 Ke6 52. c4 Bxb4 53. cxb5 Bc5 54. Kc4 Bf2 55. Kb4 Kf7 56. Ka5 Be3 57. Ka6 Bf2 58. b6 Bxb6 59. Kxb6 Kg8 60. Kc6 Kf7 61. Kd7 Kg8 62. Bh8 Kf7 63. Kd8 Kg8 64. Bg7 Kf7 65. Kd7 Kg8 66. Kd6 Kf7 67. Ke5 Kg8 68. Kf5 Kf7 69. Ke5 Kg8 70. Kd6 Kf7 71. Bh8 Kg8 72. Ke6 Kxh8 73. Ke7 Kg8 74. f7+ Kh8 75. f8=Q# 1-0


[Site "https://www.chess.com"]

[Event "Titled Tuesday Blitz March 21 Early 2023"]
[White "Delorme, Alban"]
[Black "Forgacs, Attila Jr."]
[WhiteFideId "623636"]
[BlackFideId "773654"]
[WhiteElo "2196"]
[BlackElo "2168"]
[Result "1-0"]
[Round "03"]
[TimeControl "180+2"]
[Date "2023.03.21"]
[WhiteClock "0:00:58"]
[BlackClock "0:00:06"]

1. e4 a6 2. d4 b5 3. Bd3 Bb7 4. Nf3 Nf6 5. Qe2 e6 6. O-O c5 7. c3 Be7 8. Bg5 h6 9. Bh4 d6 10. Nbd2 Nc6 11. Rad1 g5 12. Bg3 g4 13. Nh4 cxd4 14. cxd4 Nxd4 15. Qe3 e5 16. Nf5 Nxf5 17. exf5 Rc8 18. Ne4 Nxe4 19. Bxe4 Bxe4 20. Qxe4 h5 21. Bxe5 O-O 22. Bc3 Bf6 23. Qf4 Bxc3 24. bxc3 Qf6 25. Rxd6 Qxc3 26. f6 Qc2 27. Rd5 Qh7 28. Rg5+ Kh8 29. Rg7 Rc4 30. Rxh7+ Kxh7 31. Qg5 Rg8 32. Qxh5# 1-0


[Site "https://www.chess.com"]